 Dungeon Crawl Stone Soup version 0.31-a0-236-g9a0961fb85 (webtiles) character file.

Game seed: 250332106032168705

662 qw the Shooter (level 7, -5/43 HPs)
             Began as a Gargoyle Hexslinger on July 9, 2023.
             Slain by Edmund
             ... wielding a +0 flail of holy wrath
              (7 damage)
             ... on level 4 of the Dungeon.
             The game lasted 00:01:25 (2877 turns).

qw the Shooter (Gargoyle Hexslinger)                Turns: 2877, Time: 00:01:25

Health: -5/43      AC: 11    Str: 17    XL:     7   Next: 56%
Magic:  8/8        EV: 11    Int: 14    God:
Gold:   183        SH:  0    Dex: 14    Spells: 7/8 levels left

rFire   . . .        i - +0 orcbow
rCold   . . .        (shield currently unavailable)
rNeg    + . .        f - +0 ring mail
rPois   inf          (no helmet)
rElec   +            (no cloak)
rCorr   .            (no gloves)
SInv    .            c - +0 pair of boots
Will    .....        (no amulet)
Stlth   +            a - +6 ring of strength
HPRegen 0.27/turn    (no ring)
MPRegen 0.11/turn

%: no passive effects
@: no status effects
A: sickness immunity, AC +4, negative energy resistance 1, electricity
resistance, torment resistance 1, petrification resistance
a: no special abilities


You were on level 4 of the Dungeon.
You visited 1 branch of the dungeon, and saw 6 of its levels.

You collected 183 gold pieces.


Innate Abilities, Weirdness & Mutations

You are immune to sickness and miasma.
Your stone body is resilient. (AC +4)
You are immune to poison.
You resist negative energy. (rN+)
You are resistant to electric shocks. (rElec)
You are resistant to unholy torment.
You are immune to petrification.


   Skills:
 - Level 4.2 Fighting
 + Level 7.1 Ranged Weapons
 - Level 1.3 Armour
 - Level 1.5 Dodging
 - Level 1.0 Spellcasting
 - Level 2.6 Hexes


You had 7 spell levels left.
You knew the following spells:

 Your Spells              Type           Power      Damage    Failure   Level
a - Slow                  Hex            32%        N/A       16%         1

Your spell library contained the following spells:

 Spells                   Type           Power      Damage    Failure   Level
 Inner Flame              Hex/Fire       4%         N/A       63%         3
 Portal Projectile        Hex/Tloc       8%         N/A       63%         3
 Cause Fear               Hex            4%         N/A       85%         4

Inventory:

Hand Weapons
 i - a +0 orcbow (weapon)
Armour
 c - a +0 pair of boots (worn)
 f - a +0 ring mail (worn)
 o - a +0 helmet
Jewellery
 a - a +6 ring of strength (left hand)
Scrolls
 d - a scroll of noise {unknown}
 k - 2 scrolls of identify
 l - a scroll of blinking {unknown}
Potions
 b - a potion of cancellation
 e - 2 potions of curing
 g - a potion of enlightenment
 h - a potion of might
 j - a potion of haste {unknown}
 m - a potion of heal wounds {unknown}
 n - a potion of brilliance {unknown}

Dungeon Overview and Level Annotations

Branches:
Dungeon (6/15)             Temple (0/1) D:4

Altars:
The Shining One

Shops:
D:1 !

Annotations:
D:4 Edmund


Message History

Edmund is severely wounded.
Edmund closely misses you.
You shoot an arrow.
The arrow hits Edmund but does no damage.
Edmund is severely wounded.
Edmund misses you.
You shoot an arrow.
The arrow hits Edmund but does no damage.
Edmund is severely wounded.
Edmund hits you with a +0 flail of holy wrath.
You shoot an arrow. The arrow barely misses Edmund.
Edmund hits you but does no damage.
Edmund hits you with a +0 flail of holy wrath.
You shoot an arrow. The arrow hits Edmund!
Edmund is almost dead.
Edmund closely misses you.
You shoot an arrow. The arrow barely misses Edmund.
Edmund hits you but does no damage.
You shoot an arrow.
The arrow hits Edmund but does no damage.
Edmund is almost dead.
Edmund hits you with a +0 flail of holy wrath.
You shoot an arrow.
The arrow hits Edmund but does no damage.
Edmund is almost dead.
Edmund hits you with a +0 flail of holy wrath. x2
You shoot an arrow.
The arrow hits Edmund but does no damage.
Edmund is almost dead.
Edmund hits you with a +0 flail of holy wrath.
You shoot an arrow. The arrow closely misses Edmund.
Edmund hits you with a +0 flail of holy wrath!
You shoot an arrow.
The arrow hits Edmund but does no damage.
Edmund is almost dead.
Edmund hits you with a +0 flail of holy wrath.
You shoot an arrow. The arrow hits Edmund.
Edmund is almost dead.
Edmund hits you with a +0 flail of holy wrath!
You die...

#.# ##.
.### ###
##.. ...#
#... #..#
###..#
##..#
#...##
#####...#
#..##
.......#
#..#
#.@..#
##.# #@.#
### #..#
#..# ##..#
#####...#
........#
........#
######..##
#
##...#~###


You could see Edmund.

Vanquished Creatures
  Grinder (D:4)
  An ice beast (D:5)
  A centaur (D:5)
  A howler monkey (D:5)
  3 hounds
  9 adders
  2 white imps
  An ufetubus (D:5)
  2 worms
  A dart slug (D:2)
  An orc (D:3)
  8 bats
  10 endoplasms
  10 goblins
  7 hobgoblins
  3 quokkas
  5 ball pythons
  5 frilled lizards
  3 kobolds (D:2)
  A rat (D:1)
75 creatures vanquished.

Notes
Turn   | Place    | Note
-------+----------+-------------------------------------------
     0 | D:1      | qw the Gargoyle Hexslinger began the quest for the Orb.
     0 | D:1      | Reached XP level 1. HP: 12/12 MP: 2/2
     0 | D:1      | 0 ||| qw: Version: 0.3-a-51-g015441d
     0 | D:1      | 0 ||| qw: Game counter: 4374
     0 | D:1      | 0 ||| qw: Melee chars always use a shield: true
     0 | D:1      | 0 ||| qw: God list: Okawaru
     0 | D:1      | 0 ||| qw: Allow faded altars: false
     0 | D:1      | 0 ||| qw: Do Orc after clearing Dungeon:15 true
     0 | D:1      | 0 ||| qw: Do second Lair branch before Depths: true
     0 | D:1      | 0 ||| qw: Lair rune preference: random
     0 | D:1      | 0 ||| qw: Goals: Normal
     0 | D:1      | 0 ||| PLANNING D:1-11
    93 | D:1      | HP: 3/12 [frilled lizard (3)]
   142 | D:1      | Found Tioq's Distillery.
   172 | D:1      | 172 ||| UPGRADING to +0 ring mail.
   177 | D:1      | Reached XP level 2. HP: 16/16 MP: 3/3
   177 | D:1      | 177 ||| UPGRADING to +0 ring mail.
   187 | D:1      | 187 ||| DROPPING +0 robe.
   190 | D:1      | 190 ||| SHOPLISTING potion of cancellation (112 gold, have
                  | 60).
   190 | D:1      | 190 ||| SHOPLISTING potion of mutation (112 gold, have 60).
   220 | D:1      | Reached skill level 3 in Ranged Weapons
   244 | D:1      | 244 ||| FLEEEEING.
   497 | D:1      | 497 ||| READING scroll labelled OREUDGH XUZXI.
   510 | D:1      | 510 ||| READING scroll labelled VISIGI OKHLOL.
   511 | D:1      | 511 ||| READING scroll labelled BOICYL REXZEE.
   512 | D:1      | 512 ||| DRINKING 2 lumpy green potions.
   513 | D:1      | 513 ||| DROPPING scroll of poison.
   560 | D:2      | Reached XP level 3. HP: 21/21 MP: 4/4
   586 | D:2      | Found a glowing golden altar of the Shining One.
   940 | D:2      | Reached XP level 4. HP: 26/26 MP: 5/5
  1364 | D:2      | Reached skill level 4 in Ranged Weapons
  1417 | D:2      | Reached skill level 1 in Armour
  1658 | D:2      | 1658 ||| UPGRADING to +0 pair of boots.
  1663 | D:2      | 1663 ||| READING scroll labelled FESEOCHYGUGH.
  1664 | D:2      | 1664 ||| READING scroll labelled REURGH VILISK.
  1665 | D:2      | 1665 ||| READING scroll labelled ULIETHRIESHROLL.
  1669 | D:2      | 1669 ||| DRINKING 2 silvery potions.
  1670 | D:2      | 1670 ||| READING 2 scrolls of identify.
  1670 | D:2      | 1670 ||| IDENTIFYING fuming puce potion
  1671 | D:2      | 1671 ||| DROPPING potion of lignification.
  1675 | D:3      | 1675 ||| PLANNING SEWER
  1710 | D:3      | Reached XP level 5. HP: 30/30 MP: 6/6
  1734 | D:3      | 1734 ||| FLEEEEING.
  1735 | D:3      | 1735 ||| FLEEEEING.
  1736 | D:3      | 1736 ||| FLEEEEING.
  1737 | D:3      | 1737 ||| FLEEEEING.
  1742 | D:3      | 1742 ||| STAIRDANCE
  1841 | D:3      | Reached skill level 5 in Ranged Weapons
  1851 | D:3      | Identified the +4 mace of Zin, Brewing {flame, rElec rPois
                  | Str-5}
  1951 | D:3      | You fall into a shaft and drop 3 floors!
  2006 | D:6      | 2006 ||| UPGRADING to +6 ring of strength.
  2007 | D:6      | 2007 ||| READING 2 scrolls of identify.
  2007 | D:6      | 2007 ||| IDENTIFYING sedimented orange potion
  2036 | D:5      | Entered Level 5 of the Dungeon
  2036 | D:5      | Noticed an ice beast
  2048 | D:5      | Killed an ice beast
  2049 | D:5      | Reached skill level 3 in Fighting
  2049 | D:5      | Reached XP level 6. HP: 20/38 MP: 7/7
  2212 | D:5      | Reached skill level 6 in Ranged Weapons
  2217 | D:5      | HP: 9/38 [hound (2)]
  2224 | D:5      | Reached XP level 7. HP: 11/43 MP: 8/8
  2225 | D:5      | HP: 10/43 [adder (1)]
  2473 | D:5      | 2473 ||| SWAPPING to +0 orcbow.
  2474 | D:5      | 2474 ||| DROPPING +2 sling.
  2504 | D:5      | 2504 ||| RIP SEWER
  2504 | D:5      | 2504 ||| PLANNING D:1-11
  2504 | D:5      | 2504 ||| READING 3 scrolls of identify.
  2504 | D:5      | 2504 ||| IDENTIFYING fizzy pink potion
  2505 | D:5      | 2505 ||| READING 2 scrolls of identify.
  2505 | D:5      | 2505 ||| IDENTIFYING glowing brown potion
  2506 | D:5      | 2506 ||| DROPPING potion of ambrosia.
  2515 | D:4      | 2515 ||| PLANNING OSSUARY
  2610 | D:4      | Noticed Grinder
  2620 | D:4      | Paralysed by Grinder for 5 turns
  2638 | D:4      | Paralysed by Grinder for 4 turns
  2646 | D:4      | Killed Grinder
  2647 | D:4      | Reached skill level 7 in Ranged Weapons
  2752 | D:4      | Found a staircase to the Ecumenical Temple.
  2860 | D:4      | Noticed Edmund
  2875 | D:4      | HP: 8/43 [Edmund/+0 flail of holy wrath (7)]
  2876 | D:4      | HP: 2/43 [Edmund/+0 flail of holy wrath (6)]
  2877 | D:4      | Slain by Edmund

Levels and vault maps discovered:
D:1:      roderic_crossed_star, layout_rooms, serial_shops, nicolae_square_shop
D:2:      layout_basic, basic_altar, minmay_snake_closets
D:3:      layout_loops_ring, gup_sewer_entry_spiral,
          hangedman_decor_diamond_cutter, uniq_robin
D:4:      layout_layer_cave, minmay_temple_entry_glass, enter_ossuary_2,
          chequers_serial_rivers_large_b, uniq_edmund, uniq_grinder
D:5:      nicolae_BIG_FREAKIN_CUBE, layout_basic,
          amethyst_overflow_temple_binary, serial_shops, nicolae_square_shop,
          serial_bayou_pond_c, uniq_eustachio
D:6:      corexii_shack_village, layout_basic, kennysheep_crisscross,
          uniq_prince_ribbit1, uniq_menkaure, uniq_crazy_yiuf_cottage

Skill      XL: |  1  2  3  4  5  6  7 |
---------------+----------------------+-----
Ranged Weapons | 3 4 5 6 7 |  7.1
Fighting       | 2 3 4 |  4.2
Armour         | 1 |  1.3
Dodging        | |  1.5
Spellcasting   | |  1.0
Hexes          | |  2.6

Action                     |  1- 3 |  4- 6 |  7- 9 || total
---------------------------+-------+-------+-------++-------
   Fire: Sling             |   128 |   185 |    18 ||   331
         Orcbow            |       |       |    48 ||    48
    Use: Scroll            |     3 |     5 |     2 ||    10
         Potion            |     1 |     1 |       ||     2
 Armour: Robe              |     7 |       |       ||     7
         Ring mail         |    37 |    87 |    18 ||   142
  Dodge: Dodged            |    54 |    87 |    21 ||   162

Table legend:
 A = Non-vault XP
 B = Vault XP
 C = Vault XP percentage of total XP
 D = Non-vault monster count
 E = Vault monster count
 F = Vault count percentage of total count
                 A         B        C        D         E       F
            +---------+---------+-------+---------+---------+-------
      Total |     618 |     328 |  34.7 |      62 |      13 |  17.3
            +---------+---------+-------+---------+---------+-------
        D:1 |      32 |       0 |   0.0 |      19 |       0 |   0.0
        D:2 |      75 |      44 |  37.0 |      21 |       6 |  22.2
        D:3 |      74 |      12 |  14.0 |      11 |       6 |  35.3
        D:4 |       2 |     272 |  99.3 |       1 |       1 |  50.0
        D:5 |     425 |       0 |   0.0 |       9 |       0 |   0.0
        D:6 |      10 |       0 |   0.0 |       1 |       0 |   0.0
            +---------+---------+-------+---------+---------+-------
